 Dungeon Crawl Stone Soup version 0.30-b1-2-g02819fbbbe (webtiles) character file.

Game seed: 14322499323089098055

422 DavidChitty2 the Chopper (level 6, -3/56 HPs)
             Began as a Hill Orc Fighter on May 9, 2023.
             Was an Initiate of Beogh.
             Killed from afar by an orc wizard (6 damage)
             ... with a puff of flame
             ... on level 4 of the Dungeon.
             The game lasted 00:03:34 (2997 turns).

DavidChitty2 the Chopper (Hill Orc Fighter)         Turns: 2997, Time: 00:03:34

Health: -3/56      AC:  9    Str: 21    XL:     6   Next: 95%
Magic:  6/6        EV:  8    Int:  8    God:    Beogh [......]
Gold:   207        SH:  4    Dex: 10    Spells: 5/5 levels left

rFire   . . .        a - +0 war axe (drain)
rCold   . . .        c - +0 buckler
rNeg    . . .        h - +0 chain mail
rPois   .            (no helmet)
rElec   .            (no cloak)
rCorr   .            (no gloves)
SInv    .            (no boots)
Will    ++...        (no amulet) Stlth
                     f - ring of willpower
HPRegen 0.29/turn    g - ring of willpower
MPRegen 0.10/turn

%: no passive effects
@: no status effects
A: no striking features
a: Renounce Religion


You were on level 4 of the Dungeon.
You worshipped Beogh.
Beogh was noncommittal.
You visited 1 branch of the dungeon, and saw 4 of its levels.

You collected 207 gold pieces.

Inventory:

Hand Weapons
 a - a +0 war axe of draining (weapon)
Armour
 c - a +0 buckler (worn)
 h - a +0 chain mail (worn)
   (You took it off a hobgoblin on level 2 of the Dungeon)
Jewellery
 f - a ring of willpower (left hand)
   (You found it on level 1 of the Dungeon)
 g - a ring of willpower (right hand)
   (You found it on level 2 of the Dungeon)
 m - a ring of fire
   (You found it on level 4 of the Dungeon)
Scrolls
 e - a scroll of teleportation {@r4}
 n - a scroll of identify {@r1}
Potions
 b - a potion of heal wounds {unknown}
 d - a potion of might
 i - a potion of curing {unknown}
 j - a potion of flight {unknown}
 k - 2 potions of mutation {unknown}
 l - a potion of haste {unknown}


   Skills:
 + Level 5.1 Fighting
 * Level 6.2 Axes
 + Level 4.6 Armour
 + Level 4.6 Shields
 + Level 1.1 Invocations


You had 5 spell levels left.
You didn't know any spells.
Your spell library was empty.

Dungeon Overview and Level Annotations

Branches:
Dungeon (4/15)
 Temple: D:4-7

Altars:
Fedhas

Annotations:
D:4 Pikel


Message History

The lemure moves out of view.
You completely miss the orc priest. You block the orc priest's attack.
You barely miss the orc priest.
A kobold comes into view. It is wielding a +0 dagger.
The kobold shouts!
You hit the orc. You drain the orc.
You kill the orc!
Beogh accepts your kill.
You hear a shout!
Pikel, Merchant of Souls comes into view.
He is wielding a +1 whip of freezing.
Pikel shouts!
You hit the orc priest. You drain the orc priest.
You closely miss the orc wizard.
Pikel says, "You'll feel the lick of my whip!"
The orc wizard hits you with a +0 dagger.
You hit the orc wizard but do no damage.
The orc priest calls down the wrath of Beogh upon you.
Beogh smites you!
The orc wizard hits you but does no damage.
A lemure comes into view.
You closely miss the orc wizard.
The orc priest calls down the wrath of Beogh upon you.
Beogh smites you!
* * * LOW HITPOINT WARNING * * *
The orc wizard gestures wildly while chanting.
The orc wizard flickers and vanishes!
Deactivating autopickup; reactivate with Ctrl-A.
You hear a shout!
Okay, then.
You miss something. Something hits you but does no damage.
A lemure comes into view.
You slash something! Something hits you but does no damage.
You block something's attack.
The orc priest begins to cast a cantrip, but forgets the words!
A magic dart appears from out of thin air!
The magic dart hits you.
* * * LOW HITPOINT WARNING * * *
The orc priest calls down the wrath of Beogh upon you.
Beogh smites you!
* * * LOW HITPOINT WARNING * * *
The orc priest mumbles some strange prayers to Beogh against you.
Beogh smites you!
* * * LOW HITPOINT WARNING * * *
A magic dart appears from out of thin air!
The magic dart hits you but does no damage.
A puff of flame appears from out of thin air!
The puff of flame hits you.
You die...

..# ##.....# #.. #..#...#
.. # .#. ##.##.#.### #.##
..# ...##..#..#...#
#..###># .
#.......###..####.....# ..
##.......##..........####.#
#..####o....###..#......
#..# ####{..##.###...##
##)# ##...@[.##....######
#o# #..###.<..........# #o#
#..##......###..#.. #K#
.......###.#####.#


55K ..##..## #.....# # ..# ##. ##.# #.)...# #.# . #.. #))...# #.# #. #. #.....#
#.....# You could see an orc priest (very drained).

Vanquished Creatures
  Grinder (D:3)
  A phantom (D:4)
  An orc priest (D:4)
  A jelly (D:3)
  4 adders (D:3)
  A worm (D:2)
  5 orcs
  4 ball pythons
  2 bats (D:2)
  6 endoplasms
  6 giant cockroaches
  6 goblins
  6 hobgoblins
  2 jackals (D:3)
  7 kobolds
  3 quokkas
  A frilled lizard (D:2)
  A rat (D:2)
58 creatures vanquished.

Vanquished Creatures (others)
  An orc priest (D:4)
  An endoplasm (D:4)
2 creatures vanquished.

Grand Total: 60 creatures vanquished

Notes
Turn   | Place    | Note
-------+----------+-------------------------------------------
     0 | D:1      | DavidChitty2 the Hill Orc Fighter began the quest for the
                  | Orb.
     0 | D:1      | Reached XP level 1. HP: 19/19 MP: 1/1
    62 | D:1      | Reached skill level 3 in Axes
    85 | D:1      | Reached XP level 2. HP: 27/27 MP: 2/2
   859 | D:2      | Reached XP level 3. HP: 33/33 MP: 3/3
  1666 | D:3      | Reached skill level 4 in Axes
  1799 | D:3      | Reached XP level 4. HP: 31/40 MP: 4/4
  2073 | D:3      | Reached XP level 5. HP: 27/47 MP: 5/5
  2405 | D:3      | Found a blossoming altar of Fedhas.
  2507 | D:3      | Noticed Grinder
  2520 | D:3      | Paralysed by Grinder for 4 turns
  2525 | D:3      | Killed Grinder
  2526 | D:3      | Reached skill level 5 in Axes
  2526 | D:3      | Reached XP level 6. HP: 42/55 MP: 6/6
  2730 | D:4      | Became a worshipper of Beogh the Brigand
  2741 | D:4      | Reached skill level 5 in Fighting
  2741 | D:4      | Reached skill level 6 in Axes
  2793 | D:4      | Reached skill level 1 in Invocations
  2978 | D:4      | Noticed Pikel
  2992 | D:4      | HP: 2/56 [orc priest/divine providence (13)]
  2997 | D:4      | Killed from afar by an orc wizard

Illustrated notes

Levels and vault maps discovered:
D:1:      scummos_arrival_simple_crosswalls, layout_basic
D:2:      layout_loops_corners
D:3:      layout_basic, fedhas_altar_2, uniq_grinder
D:4:      layout_rooms, uniq_pikel

Skill      XL: |  1  2  3  4  5  6 |
---------------+-------------------+-----
Axes           | 3 4 5 6 |  6.2
Fighting       | 4 5 |  5.1
Shields        | 4 |  4.6
Armour         | 4 |  4.6
Invocations    | 1 |  1.1

Action                     |  1- 3 |  4- 6 || total
---------------------------+-------+-------++-------
  Melee: War axe           |   104 |    83 ||   187
 Invoke: Convert to Beogh  |       |     1 ||     1
    Use: Scroll            |     4 |     4 ||     8
 Armour: Scale mail        |    36 |       ||    36
         Chain mail        |    20 |    39 ||    59
  Dodge: Dodged            |    45 |    28 ||    73
  Block: Buckler           |    28 |    12 ||    40
